Map: Nightshade LE

Players

matusnator

  • Race: Protoss Protoss
  • League: Gold
  • Spawn Location: 11:00

antagomiR - Winner!

  • Race: Protoss Protoss
  • League: Gold
  • Spawn Location: 5:00

VOD

Have the link to the VOD?

Description

Time

  • Played on: April 4, 2020, 8:17 p.m.
  • Length: 21:55
Show
View Real Time Build Order
Export as new Build Order

matusnator Protoss 

Build Orders:  

Get SALT Encoding   

  12  0:01  Probe  
  13  0:20  Pylon  
  13  0:23  Probe  
  14  0:29  Assimilator  
  14  0:35  Probe  
  15  0:46  Gateway  
  15  1:09  Pylon  
  15  1:19  Probe  
  15  1:24  Assimilator  
  16  1:31  Probe (Chrono Boost)  
  18  1:41  Probe (Chrono Boost), Gateway  
  18  1:47  Pylon  
  18  1:48  Probe (Chrono Boost)  
  19  1:58  Probe (Chrono Boost)  
  20  2:01  Cybernetics Core  
  20  2:05  Probe  
  21  2:18  Probe (Chrono Boost), Gateway  
  23  2:30  Probe (Chrono Boost)  
  23  2:35  Probe (Chrono Boost)  
  24  2:56  Warp Gate  
  23  3:03  Stalker x2  
  27  3:05  Stalker  
  29  3:14  Gateway  
  29  3:16  Probe (Chrono Boost)  
  30  3:26  Probe (Chrono Boost)  
  31  3:34  Pylon  
  31  3:41  Pylon  
  31  3:52  Stalker x2  
  35  3:57  Pylon  
  35  4:00  Pylon  
  35  4:01  Stalker  
  35  4:02  Pylon  
  37  4:07  Adept  
  39  4:25  Robotics Facility  
  39  4:30  Stalker  
  41  4:32  Sentry  
  43  4:51  Twilight Council  
  43  4:52  Stalker  
  45  4:58  Stalker  
  47  5:16  Immortal  
  51  5:24  Forge  
  43  6:15  Stalker x4  
  47  6:20  Nexus  
  47  6:22  Charge (Chrono Boost)  
  47  6:43  Protoss Ground Weapons Level 1  
  47  6:48  Pylon  
  47  6:55  Immortal  
  51  7:19  Dark Shrine  
  51  7:24  Zealot x2  
  51  7:26  Zealot  
  57  7:39  Probe (Chrono Boost), Photon Cannon  
  58  7:51  Probe (Chrono Boost)  
  59  7:52  Zealot  
  61  8:06  Assimilator  
  61  8:09  Probe, Assimilator  
  62  8:21  Observer  
  62  8:24  Stalker x2  
  67  8:27  Sentry  
  67  8:30  Probe  
  70  8:39  Dark Templar  
  72  8:53  Dark Templar  
  74  9:00  Zealot  
  76  9:07  Zealot  
  78  9:12  Photon Cannon  
  68  11:24  Stalker x4  
  74  11:27  Immortal  
  78  11:37  Probe (Chrono Boost)  
  80  11:47  Probe (Chrono Boost)  
  80  11:51  Protoss Ground Weapons Level 2  
  80  11:52  Probe (Chrono Boost)  
  80  11:57  Stargate  
  81  12:01  Dark Templar x3  
  81  12:04  Probe  
  88  12:15  Dark Templar  
  88  12:16  Probe  
  91  12:28  Pylon  
  91  12:34  Pylon  
  91  12:37  Gateway  
  91  13:01  Zealot x4  
  91  13:59  Dark Templar x3  
  91  14:00  Dark Templar  
  99  14:06  Archon x2  
  99  14:11  Immortal  
  103  14:28  Stalker  
  105  14:47  Phoenix  
  107  14:56  Stalker  
  109  15:01  Probe (Chrono Boost)  
  110  15:07  Pylon  
  110  15:25  Probe, Pylon  
  111  15:30  Zealot x5  
  117  15:38  Probe  
  118  15:43  Immortal  
  122  15:50  Probe  
  122  15:55  Dark Templar  
  125  16:03  Pylon  
  125  16:09  Pylon  
  125  16:10  Pylon  
  125  16:21  Phoenix  
  127  16:33  Dark Templar  
  127  16:34  Dark Templar x2  
  127  16:38  Archon x2  
  133  17:03  Observer  
  133  17:08  Dark Templar  
  136  17:19  Stalker x2  
  140  17:22  Zealot  
  140  17:23  Zealot  
  143  18:09  Zealot x3  
  143  18:10  Protoss Ground Weapons Level 3 (Chrono Boost)  
  149  18:25  Forge  
  149  18:31  Pylon  
  149  18:49  Immortal  
  153  19:01  Dark Templar x2  
  157  19:05  Archon  
  157  19:35  Nexus  
  157  19:38  Pylon  
  34  20:56  Zealot x2  
  34  20:57  Zealot x3  
  34  21:11  Photon Cannon x2  
  34  21:13  Photon Cannon  
  34  21:14  Photon Cannon  
Show
View Real Time Build Order
Export as new Build Order

antagomiR Protoss - Winner!

Build Orders: Chargelot Immortal 

Get SALT Encoding   

  12  0:01  Probe  
  13  0:13  Probe  
  14  0:20  Pylon  
  14  0:25  Probe  
  15  0:40  Gateway  
  15  0:43  Probe  
  16  0:55  Probe  
  17  1:02  Assimilator  
  17  1:27  Probe  
  17  1:30  Cybernetics Core  
  18  1:45  Zealot (Chrono Boost)  
  20  1:48  Assimilator  
  19  1:57  Pylon  
  19  2:10  Warp Gate (Chrono Boost)  
  19  2:13  Probe  
  20  2:25  Probe  
  21  2:32  Robotics Facility  
  21  2:37  Probe  
  22  2:49  Probe  
  23  2:51  Stalker  
  25  3:01  Probe  
  25  3:04  Nexus  
  26  3:06  Pylon  
  26  3:13  Probe  
  27  3:25  Probe  
  28  3:28  Shield Battery  
  28  3:34  Gateway  
  28  3:35  Observer  
  28  3:38  Probe  
  30  3:50  Probe  
  31  3:55  Gateway  
  31  3:58  Observer  
  31  4:02  Probe, Sentry  
  35  4:14  Probe  
  35  4:17  Pylon  
  36  4:26  Probe x2  
  38  4:38  Probe x2  
  40  4:50  Probe x2  
  42  4:53  Immortal  
  42  4:54  Twilight Council  
  42  4:58  Sentry  
  42  4:59  Stalker  
  50  5:14  Stalker  
  52  5:19  Gateway  
  52  5:29  Zealot x2  
  52  5:33  Immortal  
  58  5:52  Stalker  
  58  5:53  Stalker x2  
  60  6:23  Assimilator  
  60  6:25  Assimilator  
  60  6:29  Stargate  
  60  6:31  Stargate  
  60  6:33  Probe x2  
  62  6:53  Nexus  
  62  6:55  Pylon  
  62  6:57  Pylon  
  62  7:03  Charge (Chrono Boost)  
  62  7:08  Forge  
  62  7:13  Probe x2, Immortal  
  68  7:19  Pylon  
  68  7:20  Shield Battery  
  68  7:21  Pylon  
  68  7:24  Stalker x2  
  68  7:25  Probe x2, Pylon  
  74  7:36  Oracle  
  77  7:37  Probe  
  77  7:42  Probe  
  79  7:49  Probe, Photon Cannon  
  79  7:50  Photon Cannon  
  80  7:54  Probe  
  80  7:55  Photon Cannon  
  82  8:05  Probe  
  82  8:06  Probe  
  82  8:09  Oracle  
  85  8:13  Oracle  
  88  8:21  Immortal  
  88  8:25  Zealot x2  
  96  8:35  Probe x3  
  99  8:44  Assimilator  
  99  8:46  Assimilator  
  99  8:47  Probe x2  
  101  8:53  Photon Cannon  
  101  8:55  Shield Battery  
  101  9:00  Observer  
  102  9:20  Zealot  
  102  9:21  Zealot x3  
  110  9:29  Void Ray  
  114  9:42  Void Ray  
  109  10:26  Photon Cannon  
  109  10:33  Observer  
  105  10:39  Robotics Facility  
  104  11:15  Pylon  
  104  11:18  Pylon  
  103  11:22  Pylon  
  103  11:36  Probe x3, Photon Cannon, Void Ray  
  103  11:38  Photon Cannon  
  106  11:47  Pylon  
  106  11:48  Probe x3  
  106  11:53  Pylon  
  109  11:57  Gateway  
  109  11:58  Gateway  
  109  12:00  Probe x3  
  112  12:08  Templar Archives  
  112  12:16  Immortal x2  
  112  12:19  Zealot x2  
  112  12:20  Zealot x2  
  112  12:22  Observer  
  128  12:54  Phoenix  
  128  12:56  Immortal  
  132  13:11  Nexus  
  132  13:14  Pylon x2  
  132  13:32  Immortal  
  132  13:33  Photon Cannon  
  136  13:34  Photon Cannon  
  136  13:36  Shield Battery  
  135  14:05  Probe x3  
  138  14:11  Immortal  
  142  14:17  Probe x2  
  144  14:31  Probe x3  
  147  14:36  Assimilator  
  147  14:38  Assimilator  
  147  14:45  Pylon  
  147  14:59  High Templar  
  149  15:18  Pylon  
  149  15:27  Protoss Ground Weapons Level 1 (Chrono Boost)  
  149  15:45  Zealot  
  149  15:46  Zealot x5  
  161  16:06  Gateway  
  161  16:09  Gateway  
  161  16:11  Gateway  
  161  16:13  Gateway  
  161  16:16  High Templar x2  
  165  16:20  Gateway  
  165  16:23  Gateway  
  165  16:28  Probe x4, Gateway  
  165  16:31  Gateway  
  169  16:40  Probe x2  
  159  17:05  Immortal x2  
  159  17:08  Stalker x3  
  171  17:09  Stalker  
  171  17:10  Zealot x2  
  179  17:17  Archon  
  179  17:39  Probe  
  180  17:47  Pylon  
  180  17:50  Pylon  
  180  17:58  Fleet Beacon  
  180  18:05  Probe x3, Immortal, Observer  
  188  18:08  Probe  
  189  18:24  High Templar x3, Nexus  
  189  18:25  Pylon  
  189  18:26  Observer  
  196  18:28  Pylon  
  196  18:32  Protoss Ground Weapons Level 2 (Chrono Boost)  
  196  18:33  Pylon  
  196  18:35  Pylon  
  196  18:48  Forge  
  196  18:51  Archon  
  196  18:53  Archon  
  196  18:55  High Templar x2  
  200  18:59  Archon  
  200  19:08  Shield Battery  
  200  19:09  Photon Cannon  
  200  19:16  Photon Cannon  
  200  19:19  Photon Cannon  
  200  19:24  Assimilator  
  200  19:28  Assimilator  
  166  20:21  Zealot x3  
  148  20:22  High Templar x2  
  148  20:24  High Templar x5  
  148  20:25  High Templar x4  
  148  20:27  Archon x2  
  152  20:28  Archon  
  152  20:29  Archon x2  
  114  21:20  Zealot x5  
  114  21:21  Zealot x4  
  114  21:22  Zealot x5  
Tags
 
League
GoldGold
Matchup
PvP
Replay Pack
20200422
Spawn Locations
Cross Positions
Add a new tag
Caveats
  • Supply blocks, unpowered buildings, or Contaminate may cause inaccurate times.
  • Supply counts are checked every 10 seconds.